 Dungeon Crawl Stone Soup version 0.29.1-15-g9cfb28693d (webtiles) character file.

Game seed: 9899755658996210551

69 protoss039 the Digger (level 4, 16/33 HPs)
             Began as a Demonspawn Earth Elementalist on Mar 17, 2023.
             Got out of the dungeon alive.
             The game lasted 00:01:23 (1658 turns).

protoss039 the Digger (DsEE)                        Turns: 1658, Time: 00:01:24

Health: 16/33      AC:  8    Str:  8    XL:     4   Next: 2%
Magic:  8/8        EV: 14    Int: 19    God:
Gold:   143        SH:  0    Dex: 13    Spells: 5/8 levels left

rFire   . . .      SeeInvis .   c - +1 war axe (elec)
rCold   . . .      Faith    .   (no shield)
rNeg    . . .      Spirit   .   f - +0 ring mail
rPois   .          Reflect  .   (helmet restricted)
rElec   .          Harm     .   (no cloak)
rCorr   .          Rampage  .   (no gloves)
Will    .....                   m - +0 pair of boots
Stlth   +.........              (no amulet)
HPRegen 0.11/turn               j - +4 ring of evasion
MPRegen 0.11/turn               (no ring)

@: no status effects
A: antennae 1, molten scales 1
a: no special abilities


You escaped.
You visited 1 branch of the dungeon, and saw 3 of its levels.

You collected 143 gold pieces.

Inventory:

Hand Weapons
 c - a +1 war axe of electrocution (weapon)
Armour
 f - a +0 ring mail (worn)
 m - a +0 pair of boots (worn)
Jewellery
 j - a +4 ring of evasion (left hand)
Scrolls
 a - a scroll of summoning {unknown}
 d - a scroll of vulnerability {unknown}
 g - a scroll of blinking {unknown}
 h - a scroll of acquirement {unknown}
 q - a scroll of fog {unknown}
 u - a scroll of teleportation {unknown}
 v - a scroll of enchant weapon {unknown}
Potions
 b - a potion of magic
 e - 2 potions of heal wounds {unknown}
 i - a potion of attraction {unknown}
 k - a potion of brilliance {unknown}
 l - a potion of mutation {unknown}
 n - a potion of degeneration {unknown}
 o - 3 potions of cancellation {unknown}
 p - a potion of lignification {unknown}
 r - a potion of flight {unknown}
 s - a potion of curing {unknown}
 t - 2 potions of invisibility {unknown}


   Skills:
 + Level 1.9 Fighting
 - Level 1.7 Dodging
 - Level 1.7 Stealth
 + Level 2.8 Spellcasting
 - Level 0.8 Transmutations
 + Level 3.3 Earth Magic


You had 5 spell levels left.
You knew the following spells:

 Your Spells              Type           Power      Damage    Failure   Level
a - Sandblast             Erth           30%        2d9       12%         1
b - Passwall              Tmut/Erth      8%         N/A       30%         2

Your spell library contained the following spells:

 Spells                   Type           Power      Damage    Failure   Level
 Stone Arrow              Conj/Erth      18%        3d8       58%         3
 Petrify                  Tmut/Erth      10%        N/A       90%         4


Dungeon Overview and Level Annotations

Branches:
Dungeon (3/15) Zot: 16291

Altars:

Shops:
D:1 (


Innate Abilities, Weirdness & Mutations

You have a pair of small antennae on your head.
You are partially covered in molten scales. (AC +2)


Message History

Unknown command.
You are too injured to fight recklessly!
Unknown command.
You are too injured to fight recklessly!
Unknown command.
Unknown command.
You are too injured to fight recklessly!
The orc hits you with a +0 trident.
* * * LOW HITPOINT WARNING * * *
The orc misses you.
You see here a +0 flail.
You slash the orc!
You kill the orc!
You closely miss the orc. The orc hits you with a +0 hand axe.
* * * LOW HITPOINT WARNING * * *
The orc hits you but does no damage.
Unknown command.
You hit the orc. Lightning courses through the orc!
You kill the orc!
You have reached level 4!
You feel clever.
Your demonic ancestry asserts itself...
A pair of antennae grows on your head!
v - a scroll labelled VAGUUM ZONY
Things that are here:
a +0 hand axe; a +0 leather armour Unknown command.
Unknown command.
There is a stone staircase leading up here.
You climb upwards.
There is a stone staircase leading down here.
There is a stone staircase leading down here.
There is a stone staircase leading up here.
You climb upwards.
There is a stone staircase leading down here.
There is a stone staircase leading down here.
You enter the shallow water.
Moving in this stuff is going to be slow.
There is a staircase leading out of the dungeon here.
Are you sure you want to leave the Dungeon?
This will make you lose the game!
You have escaped!

#.#.#.# ###.#...## #.....##
#...#...########## ##.#...#
#.#.#......#.....#
#.#...######.######..........
#..#.†#≈≈≈≈♣~♣≈≈≈≈#..........
##.##.#≈.P.....P.≈#..........
#.####≈PPP....PP≈#..........
#.####♣.P.....P.♣#..........
##.##..~....@....~...........
#.....#♣.♣)......♣#..........
#...###≈♣♣♣......≈#..........
#...###≈.♣.......≈#...#......
#...#.#≈...♣.♣...≈#.######.##
#.....#≈≈≈≈♣.♣≈≈≈≈#.#####..#
#...########.######....#..##
#...# #..##.......#.## #...#
##..........).#


There were no monsters in sight!

Vanquished Creatures
  An adder (D:2)
  A dart slug (D:1)
  5 orcs (D:3)
  4 endoplasms
  2 giant cockroaches (D:2)
  2 goblins (D:2)
  5 hobgoblins
  4 quokkas
  5 ball pythons
  6 bats
  3 frilled lizards
  4 kobolds
  8 rats
50 creatures vanquished.

Vanquished Creatures (others)
  A plant (D:1)
  5 toadstools (D:1)
6 creatures vanquished.

Grand Total: 56 creatures vanquished

Notes
Turn   | Place    | Note
-------+----------+-------------------------------------------
     0 | D:1      | protoss039 the Demonspawn Earth Elementalist began the
                  | quest for the Orb.
     0 | D:1      | Reached XP level 1. HP: 13/13 MP: 3/3
   231 | D:1      | Found Tekhlyug's Antique Weapon Emporium.
   284 | D:1      | Gained mutation: You are partially covered in molten
                  | scales. (AC +2) [demonic ancestry]
   284 | D:1      | Reached XP level 2. HP: 12/20 MP: 5/5
   761 | D:1      | Reached skill level 1 in Fighting
   766 | D:1      | Reached skill level 3 in Earth Magic
   914 | D:2      | Reached XP level 3. HP: 14/26 MP: 6/6
  1527 | D:2      | Learned a level 2 spell: Passwall
  1576 | D:3      | Gained mutation: You have a pair of small antennae on your
                  | head. [demonic ancestry]
  1576 | D:3      | Reached XP level 4. HP: 7/33 MP: 8/8
  1658 | D:$      | Got out of the dungeon alive.

Illustrated notes

Levels and vault maps discovered:
D:1:      ldierk_walled_garden, layout_rooms, serial_shops, shop
D:2:      layout_basic
D:3:      layout_rooms, lemuel_crystal_altar, gup_sewer_entry_spiral,
          chequers_ecumenical_altar_simple_redux, uniq_grinder

Skill      XL: |  1  2 |
---------------+-------+-----
Fighting       | 1 |  1.9
Earth Magic    | 3 |  3.3
Dodging        | |  1.7
Stealth        | |  1.7
Spellcasting   | |  2.8
Transmutations | |  0.8

Action                   |  1- 3 |  4- 6 || total
-------------------------+-------+-------++-------
Melee: War axe           |   100 |       ||   100
 Stab: Sleeping          |     1 |       ||     1
Armor: Robe              |     8 |       ||     8
       Ring mail         |    59 |       ||    59
Dodge: Dodged            |    96 |       ||    96
